 Dungeon Crawl Stone Soup version 0.25-a0-942-g87a53962fc (webtiles) character file.

Game seed: 11943200232798459953, levelgen mode: deterministic

14428 mortelune the Spear-Bearer (level 11, -12/102 HPs)
             Began as a Centaur Fighter on May 8, 2020.
             Was a High Priest of Okawaru.
             Hit by a large rock thrown by a cyclops (36 damage)
             ... on level 11 of the Dungeon.
             The game lasted 00:26:44 (13364 turns).

mortelune the Spear-Bearer (Centaur Fighter)       Turns: 13364, Time: 00:26:45

Health: -12/102    AC: 15    Str: 27    XL:     11   Next: 88%
Magic:  13/13      EV:  7    Int:  7    God:    Okawaru [*****.]
Gold:   542        SH:  0    Dex:  8    Spells: 10/10 levels left

rFire    . . .     SeeInvis .   b - +0 longbow (vorpal)
rCold    + . .     Gourm    .   (shield currently unavailable)
rNeg     . . .     Faith    .   M - +0 steam dragon scales
rPois    .         Spirit   .   g - +2 helmet
rElec    .         Reflect  .   x - +0 cloak
rCorr    .         Harm     .   F - +0 pair of gloves
MR       .....                  P - +0 centaur barding
Stlth    +.........             (no amulet)
HPRegen  0.27/turn              w - +4 ring of strength
MPRegen  0.13/turn              I - ring of protection from cold

@: drained, very quick
A: large, hooves 3, deformed body, speed 2, tough skin 3
a: Heroism, Finesse, Renounce Religion


You were on level 11 of the Dungeon.
You worshipped Okawaru.
Okawaru was extremely pleased with you.
You were not hungry.

You visited 2 branches of the dungeon, and saw 12 of its levels.
You also visited: Ossuary.

You collected 542 gold pieces.

Inventory:

Hand Weapons
 a - a +3 vorpal glaive
 b - a +0 vorpal longbow (weapon)
 Q - a +0 bardiche
 S - a +0 trident
Missiles
 G - 101 arrows (quivered)
Armour
 c - a +0 kite shield
 g - a +2 helmet (worn)
 x - a +0 cloak (worn)
 F - a +0 pair of gloves (worn)
 J - a +0 scale mail
 L - a +0 cloak
 M - +0 steam dragon scales (worn)
 P - a +0 centaur barding (worn)
Jewellery
 h - an uncursed ring of protection from cold
 w - a +4 ring of strength (left hand)
 C - an uncursed ring of resist corrosion
 I - a ring of protection from cold (right hand)
 T - an uncursed ring of fire
Wands
 d - a wand of disintegration (7)
 A - a wand of enslavement (13)
 D - a wand of polymorph (16)
 N - a wand of flame (32)
 O - a wand of iceblast (5)
 U - a wand of random effects (21)
 W - a wand of paralysis (10)
Scrolls
 e - 6 scrolls of fear
 i - 5 scrolls of identify
 m - 9 scrolls of remove curse
 r - 4 scrolls of amnesia
 t - 5 scrolls of teleportation
 y - a scroll of immolation {unknown}
 B - 2 scrolls of blinking
 E - a scroll of random uselessness {unknown}
 R - a scroll of magic mapping
Potions
 j - 2 potions of lignification {unknown}
 k - a potion of resistance {unknown}
 l - 2 potions of brilliance {unknown}
 n - a potion of mutation {unknown}
 o - a potion of invisibility {unknown}
 p - 3 potions of haste
 q - 2 potions of curing
 s - 2 potions of heal wounds {unknown}
 u - 3 potions of might
 v - 4 potions of degeneration {unknown}
 z - a potion of cancellation {unknown}
 H - 2 potions of flight {unknown}
 K - a potion of stabbing {unknown}
Comestibles
 f - 28 rations


   Skills:
 + Level 11.4(10.0) Fighting
 + Level 11.8(10.4) Polearms
 + Level 11.3(10.0) Bows
 - Level 2.1(1.1) Armour
 - Level 2.1(1.1) Shields
 * Level 3.1(2.1) Invocations


You had 10 spell levels left.
You didn't know any spells.
Your spell library contained the following spells:

 Spells                   Type           Power        Failure   Level  Hunger
 Animate Skeleton         Necr           N/A          43%         1    ##.....
 Apportation              Tloc           #.....       43%         1    ##.....
 Corona                   Hex            #......      43%         1    ##.....
 Infusion                 Chrm           #...         43%         1    ##.....
 Summon Small Mammal      Summ           #...         43%         1    ##.....
 Shroud of Golubria       Chrm/Tloc      #.....       56%         2    ###....
 Song of Slaying          Chrm           #.......     56%         2    ###....
 Ozocubu's Armour         Chrm/Ice       #.......     80%         3    ####...
 Spectral Weapon          Hex/Chrm       #.......     80%         3    ####...


Dungeon Overview and Level Annotations

Branches:
Dungeon (11/15)            Temple (1/1) D:4            Lair (0/6) D:9
Ossuary (visited)
    Orc: D:9-12

Altars:
Ashenzari
Cheibriados
Dithmenos
Elyvilon
Fedhas
Gozag
Hepliaklqana
Kikubaaqudgha
Makhleb
Nemelex Xobeh
Okawaru
Qazlal
Ru
Sif Muna
Trog
Uskayaw
Vehumet
Wu Jian
Xom
Yredelemnul
Zin
The Shining One

Annotations:
D:11 Josephine


Innate Abilities, Weirdness & Mutations

You have hooves in place of feet.
Armour fits poorly on your strangely shaped body.
You cover ground very quickly.
You have extremely tough skin. (AC +3)


Message History

Josephine shouts!
You see here an arrow.
Firing (i - inventory)
G - 102 arrows (quivered)
Press: ? - help, Shift-Dir - straight line, f - Josephine
Aim: Josephine, wielding a +0 dagger and wearing a +0 robe You shoot an arrow.
The arrow barely misses Josephine.
Josephine gestures at you while chanting.
The ghostly flame explodes!
The ghostly fireball engulfs you!!
You feel drained.
A cyclops comes into view.
The cyclops throws a large rock.
The large rock hits you!
You see here a large rock.
Josephine gestures at you while chanting.
The ghostly flame explodes!
The ghostly fireball engulfs you!
You feel drained.
You see here 29 stones.
The cyclops throws a large rock.
The large rock hits you!!
* * * LOW HITPOINT WARNING * * *
You see here a large rock.
The cyclops throws a large rock.
The large rock hits you!!!
You die...

#...# #.#..######.#....#.#
#.#.###.#..##.....#...(..W
#.####.#..##.#..##.#####(((..@.
#.........C..#..##......(...(((
......#..........########.####.#
###.#.#####.#.#..(....W.#.# .. #
#...#.#######.#.#.#### #.
###.....(.#####.#......# #
..........@#....@..#.#.##.#
.....##..#.#########.#....#
.................. ..#..<.#
....#.##.#.###########.....
....#.##...#............... ...
#......#........##.....
...###..............#.....
.........>..........#...).
..####..............####.#


You could see a cyclops.

Vanquished Creatures
  An ogre mage (D:10)
  3 two-headed ogres
  An unseen horror (D:9)
  The ghost of kae the Frost Mage, a novice MfIE of Okawaru (D:6)
  Maurice (D:8)
  A centaur skeleton (D:11)
  The ghost of FrogZ the Carver, a novice DsBe of Trog (D:5)
  Maggie (D:8)
  3 trolls
  Grinder (D:3)
  2 hornets (D:9)
  A hippogriff (D:7)
  4 wraiths (D:11)
  6 yaks (D:10)
  The ghost of MisterFreud the Slasher, an amateur OpGl (D:3)
  A vampire mosquito (D:10)
  A water moccasin (D:9)
  A soldier ant (D:9)
  Duvessa (D:6)
  2 sky beasts
  3 orc warriors
  4 black bears
  2 ice beasts
  A necrophage (D:8)
  3 phantoms
  5 ogres
  3 wolves (D:9)
  4 centaurs
  10 big kobolds
  2 elf zombies (Ossuary)
  5 bullfrogs
  Blork the orc (D:6)
  A wyvern zombie (D:10)
  Dowan (D:6)
  A wyvern skeleton (D:6)
  3 scorpions
  8 killer bees (D:8)
  5 wights (D:9)
  3 electric eels (D:9)
  A howler monkey (D:4)
  3 centaur zombies
  3 crimson imps
  A quasit (D:6)
  A bullfrog zombie (D:10)
  A jelly (D:8)
  A gnoll shaman (D:4)
  5 orc priests
  A bullfrog skeleton (D:4)
  11 hounds
  A human zombie (Ossuary)
  Jessica (D:3)
  Ijyb (D:4)
  Terence (D:3)
  Natasha (twice) (D:3)
  An iguana (D:11)
  7 orc wizards
  2 worker ants
  A killer bee zombie (D:8)
  4 hound zombies
  A hound skeleton (D:8)
  3 mummies (Ossuary)
  7 gnolls
  5 adders
  2 shadow imps
  6 adder zombies
  3 worms
  A dart slug (D:1)
  The ghost of Esekla the Conjurer, a weakling FoCj (D:5)
  7 leopard geckos
  32 orcs
  4 bats
  4 giant cockroaches
  6 goblins
  6 hobgoblins
  12 jackals
  4 quokkas
  2 ball pythons
  7 frilled lizards
  3 gnoll zombies (Ossuary)
  2 goblin zombies (Ossuary)
  3 hobgoblin zombies (Ossuary)
  2 jackal zombies (Ossuary)
  11 kobolds
  6 kobold zombies (Ossuary)
  A leopard gecko zombie (D:6)
  An orc zombie (Ossuary)
  5 quokka zombies (Ossuary)
  3 rats
  A rat zombie (Ossuary)
299 creatures vanquished.

Vanquished Creatures (others)
  4 toadstools (D:1)
  2 withered plants (D:5)
6 creatures vanquished.

Grand Total: 305 creatures vanquished

Notes
Turn   | Place    | Note
-------+----------+-------------------------------------------
     0 | D:1      | mortelune the Centaur Fighter began the quest for the Orb.
     0 | D:1      | Reached XP level 1. HP: 19/19 MP: 1/1
   233 | D:1      | Reached XP level 2. HP: 22/26 MP: 2/2
   734 | D:2      | Reached XP level 3. HP: 27/31 MP: 3/3
   823 | D:2      | Found an ornate altar of the Wu Jian Council.
  1059 | D:2      | Reached XP level 4. HP: 38/40 MP: 4/4
  1154 | D:2      | Found a glowing golden altar of the Shining One.
  1534 | D:3      | Reached XP level 5. HP: 46/46 MP: 5/5
  1560 | D:3      | Noticed Jessica
  1567 | D:3      | Killed Jessica
  1643 | D:3      | Noticed Terence
  1651 | D:3      | Killed Terence
  1948 | D:3      | Reached XP level 6. HP: 41/53 MP: 6/6
  2061 | D:3      | Noticed Natasha
  2068 | D:3      | Killed Natasha
  2068 | D:3      | Reached skill level 5 in Polearms
  2164 | D:3      | Noticed Grinder
  2351 | D:4      | Found a shattered altar of Ashenzari.
  2359 | D:4      | Found a shimmering altar of Xom.
  2426 | D:4      | Noticed Ijyb
  2438 | D:4      | Killed Ijyb
  2471 | D:4      | Noticed a sky beast
  2487 | D:4      | Killed a sky beast
  2487 | D:4      | Reached skill level 5 in Fighting
  2515 | D:4      | Found a staircase to the Ecumenical Temple.
  2581 | Temple   | Entered the Ecumenical Temple
  2891 | D:4      | Reached XP level 7. HP: 61/61 MP: 7/7
  2976 | D:4      | Found a shimmering altar of Xom.
  3456 | D:5      | Entered Level 5 of the Dungeon
  3634 | D:5      | Noticed FrogZ's ghost (novice DsBe)
  3634 | D:5      | Noticed Esekla's ghost (weakling FoCj)
  3635 | D:5      | Found a runed translucent gate.
  3635 | D:5      | Found a runed translucent gate.
  3635 | D:5      | Found a runed translucent gate.
  4072 | D:6      | Found an iron altar of Okawaru.
  4092 | D:6      | Became a worshipper of Warmaster Okawaru
  4140 | D:6      | Noticed Blork the orc
  4144 | D:6      | Found a shimmering blue altar of Sif Muna.
  4147 | D:6      | Killed Blork the orc
  4147 | D:6      | Reached XP level 8. HP: 68/70 MP: 8/8
  4287 | D:6      | Noticed Dowan
  4288 | D:6      | Noticed Duvessa
  4329 | D:6      | Killed Duvessa
  4407 | D:6      | Reached * piety under Okawaru
  4526 | D:6      | You fall into a shaft and drop 3 floors!
  4655 | D:8      | Reached skill level 1 in Bows
  4664 | D:8      | Reached XP level 9. HP: 51/79 MP: 7/9
  4684 | D:8      | Found a sand-covered staircase.
  4685 | D:8      | Noticed Maggie
  4689 | Ossuary  | Entered an ossuary
  4883 | Ossuary  | Reached ** piety under Okawaru
  6002 | D:7      | Reached skill level 5 in Bows
  6070 | D:7      | Found a runed translucent gate.
  6070 | D:7      | Found a runed translucent gate.
  6070 | D:7      | Found a runed translucent gate.
  6071 | D:7      | Noticed kae's ghost (novice MfIE)
  6217 | D:6      | Killed Dowan
  6451 | D:6      | Found an iron altar of Okawaru.
  6452 | D:6      | Found a snail-covered altar of Cheibriados.
  6633 | D:3      | Killed Grinder
  6633 | D:3      | Reached *** piety under Okawaru
  6668 | D:3      | Noticed Natasha
  6673 | D:3      | Killed Natasha
  6856 | D:3      | Found a runed translucent gate.
  6857 | D:3      | Found a runed translucent gate.
  6858 | D:3      | Found a runed translucent gate.
  6859 | D:3      | Noticed MisterFreud's ghost (amateur OpGl)
  6871 | D:3      | Killed MisterFreud's ghost
  7105 | D:5      | Killed FrogZ's ghost
  7105 | D:5      | Reached skill level 10 in Polearms
  7105 | D:5      | Reached XP level 10. HP: 84/91 MP: 10/10
  7110 | D:5      | Killed Esekla's ghost
  7257 | D:6      | Killed kae's ghost
  7846 | D:8      | Killed Maggie
  7846 | D:8      | Reached **** piety under Okawaru
  8137 | D:8      | Noticed Maurice
  8159 | D:8      | Killed Maurice
  8213 | D:8      | Received a gift from Okawaru
  8813 | D:8      | Reached skill level 10 in Fighting
  8905 | D:8      | Found a radiant altar of Vehumet.
  9505 | D:9      | Found a shadowy altar of Dithmenos.
  9958 | D:9      | Found a staircase to the Lair.
 10049 | D:9      | Found a burning altar of Makhleb.
 10433 | D:9      | Noticed a two-headed ogre
 10466 | D:9      | Killed a two-headed ogre
 10466 | D:9      | Reached ***** piety under Okawaru
 10466 | D:9      | Received a gift from Okawaru
 10466 | D:9      | Reached XP level 11. HP: 101/101 MP: 11/11
 11134 | D:10     | Entered Level 10 of the Dungeon
 11166 | D:9      | Killed an unseen horror
 11166 | D:9      | Reached skill level 10 in Bows
 11420 | D:10     | Found a glowing golden altar of the Shining One.
 11769 | D:10     | Noticed a two-headed ogre
 11941 | D:10     | Killed a two-headed ogre
 12219 | D:10     | Received a gift from Okawaru
 12277 | D:10     | Noticed a two-headed ogre
 12310 | D:10     | Killed a two-headed ogre
 12440 | D:10     | Noticed an ogre mage
 12447 | D:10     | Paralysed by an ogre mage for 3 turns
 12452 | D:10     | Killed an ogre mage
 12452 | D:10     | Received a gift from Okawaru
 13284 | D:11     | Noticed Josephine
 13364 | D:11     | Hit by a large rock thrown by a cyclops

Levels and vault maps discovered:
D:1:      ldierk_water_garden, layout_basic
D:2:      layout_rooms, nicolae_overflow_crystal_walls, lemuel_doored_altar
D:3:      layout_loops_corners, first_ration, ebering_ghost_rock_garden,
          uniq_terence, uniq_natasha, uniq_jessica, uniq_grinder
D:4:      layout_loops_ring, xom_redecorated, ashenzari_conservatory_becter,
          minmay_temple_entry_wispy, uniq_ijyb
D:5:      layout_rooms, gammafunk_ghost_cemetery
D:6:      layout_rooms, gammafunk_temple_overflow_pools, basic_altar,
          okawaru_metal_pillars_1_2, uniq_blork_the_orc, uniq_duvessa
D:7:      black_bear_nest_2, layout_gridville, gammafunk_ghost_nasty_kobolds
D:8:      layout_basic, kennysheep_mini, nicolae_ossuary_entry_false_entrances,
          grunt_tough_drop, uniq_maurice, uniq_maggie
D:9:      layout_roguey, grunt_dithmenos_smoke_and_mirrors, marbit_many_paths,
          erik_lair_island, hangedman_pestilent_swarm, kennysheep_generic_room_6
D:10:     layout_roguey, basic_altar, kb_rosetta
D:11:     layout_basic, maelrawn_ghost_gauntlet_escape, uniq_josephine
Temple:   nicolae_temple_figure_eight

Skill      XL: |  1  2  3  4  5  6  7  8  9 10 11 |
---------------+----------------------------------+-----
Polearms       | 2 3 4 5 7 8 10 11 | 11.8
Fighting       | 4 5 6 7 9 10 11 | 11.4
Bows           | 1 6 9 11 | 11.3
Invocations    | 3 |  3.1
Armour         | |  2.1
Shields        | |  2.1

Action                   |  1- 3 |  4- 6 |  7- 9 | 10-12 || total
-------------------------+-------+-------+-------+-------++-------
Melee: Trident           |    92 |   164 |   453 |   181 ||   890
       Kick              |    17 |    24 |   126 |    69 ||   236
       Glaive            |       |       |       |    97 ||    97
 Fire: Shortbow          |       |       |    18 |   239 ||   257
       Longbow           |       |       |       |    28 ||    28
Invok: Heroism           |       |       |     2 |     3 ||     5
  Use: Scroll            |       |       |    10 |       ||    10
       Potion            |       |       |     1 |       ||     1
  Eat: Chunk             |       |     5 |     8 |    14 ||    27
       Ration            |       |       |     1 |     1 ||     2
Armor: Scale mail        |    40 |    63 |   138 |    26 ||   267
       Steam dragon scal |       |       |       |   148 ||   148
Dodge: Dodged            |    18 |    20 |    64 |    99 ||   201
Block: Kite shield       |    24 |    45 |   138 |       ||   207

Table legend:
 A = Non-vault XP
 B = Vault XP
 C = Vault XP percentage of total XP
 D = Non-vault monster count
 E = Vault monster count
 F = Vault count percentage of total count
                 A         B        C        D         E       F
            +---------+---------+-------+---------+---------+-------
      Total |   11400 |    9212 |  44.7 |     211 |      88 |  29.4
            +---------+---------+-------+---------+---------+-------
        D:1 |      32 |       0 |   0.0 |      17 |       0 |   0.0
        D:2 |      72 |       0 |   0.0 |      16 |       0 |   0.0
        D:3 |     260 |     576 |  68.9 |      29 |       5 |  14.7
        D:4 |     412 |      36 |   8.0 |      19 |       1 |   5.0
        D:5 |     346 |     402 |  53.7 |       8 |       2 |  20.0
        D:6 |     859 |    1006 |  53.9 |      17 |       4 |  19.0
        D:7 |     840 |    1013 |  54.7 |      18 |      10 |  35.7
        D:8 |    2156 |    1003 |  31.8 |      39 |       5 |  11.4
        D:9 |    2397 |    1683 |  41.2 |      17 |      14 |  45.2
       D:10 |    3440 |    2160 |  38.6 |      27 |       4 |  12.9
       D:11 |     586 |     840 |  58.9 |       4 |       4 |  50.0
    Ossuary |       0 |     493 | 100.0 |       0 |      39 | 100.0
            +---------+---------+-------+---------+---------+-------
